Merit, chaotic male elven Priest ----------- ------ |[[[[[[[[[| ------------ .{...| |m[[.[.[[[| #...........| # |.....| |@..m.@...| ###|...........###########......| -----|----- # #........>..| # |.....| # # --.--------- # .....| ### # # -.---- # # # ---.--------# # |..........|## # |..........|## # # ----------- |..........|## ####################..........| |..........|# ## # |.........| |...........# .. |.........| ------------ ... -+-+-.-- ##..........| .... |..<...| # ----------- .... . |.......##### ----- - |......| -------- Merit the Acolyte Experience level: 3 Strength: 14 Dexterity: 12 Constitution: 12 Intelligence: 10 Wisdom: 18 Charisma: 11 Health: 0(19) Energy: 51(53) Def: 1 Gold: 211 Moves: 1271 Dungeon seed: EVjEDUxtvqbPAMS9 Game ID: Merit_1615515624 Your Inventory: Coins $ - 211 gold pieces Amulets o - an amulet of reflection (being worn) Weapons a - a blessed +2 mace (weapon in hand) Armor n - a blessed +0 small shield (being worn) Comestibles c - a clove of garlic d - a sprig of wolfsbane i - a pancake k - a tripe ration l - a food ration Spellbooks f - a spellbook of light g - a spellbook of healing Potions b - 4 potions of holy water Tools h - a bugle Spells and supernatural/magical abilities: Name Level Category Fail Memory h - healing 1 healing 0% 94% l - light 1 divination 0% 94% W - pray for help -- divine ? -- X - turn undead -- divine ? -- Your skills at the end: Fighting Skills Weapon Skills mace [Basic] Spellcasting Skills clerical spells [Basic] Final Attributes: You were piously aligned. You had infravision. You were held by a giant mimic. You had reflection. You are dead. Vanquished creatures: a kitten an acid blob a coyote a hobbit a cave spider a yellow mold a gnome zombie 2 jackals a goblin 2 sewer rats 3 grid bugs 2 lichens 2 kobold zombies a newt 20 creatures vanquished. Voluntary challenges: You were an atheist. You used a wielded weapon 21 times, starting on turn 117. You read items or engraved 3 times, starting on turn 1121. You never genocided any monsters. You never polymorphed an object. You never changed form. You used no wishes. You never split a pudding. You never wrote Elbereth's name. You never violated your personal moral code. Dungeon overview: The Dungeons of Doom: levels 1 to 4 Level 1 a long staircase Level 2 a fountain a long staircase Level 3 a fountain Level 4 <- You were here an armor shop, a fountain History has recorded: On T:1 you entered the Dungeons of Doom to retrieve the Amulet of Yendor! On T:335 you reached level 2 of The Dungeons of Doom. On T:722 you advanced to experience level 2. On T:725 you reached level 3 of The Dungeons of Doom. On T:1120 you reached level 4 of The Dungeons of Doom. On T:1183 you advanced to experience level 3. Score breakdown: Gold: 211 ( 7913 points) Experience: 3 levels ( 7878 points) Exploration: 4 levels ( 7.55%) ( 7205 points) Discoveries: 4 items ( 1.39%) ( 3541 points) Valuables value: (no points given unless you survive) Artifact value: 0 ( 0 points) Variety of kills: 14 monsters ( 3.67%) ( 5750 points) Turncount: 1271 turns ( 0 points) Survival: died (score multiplied by 80%) Total score: 25829 Latest messages: You stop running. The cave spider bites! You hear the chime of a cash register. You miss the cave spider. The cave spider bites! You miss the cave spider. The cave spider bites! You miss the cave spider. The cave spider bites! You miss the cave spider. The cave spider bites! You kill the cave spider! You feel better. You see here 5 gold pieces. $ - 5 gold pieces. You stop running. The coyote bites! You kill the coyote! "Hello, Merit! Welcome to Ermenak's used armor dealership!" Wait! That's a small mimic! (2x) Wait! That's a giant mimic! The giant mimic hits! (2x) You die... Ermenak gratefully inherits all your possessions. Final status: Goodbye Merit the Priest, killed by a giant mimic... You died in The Dungeons of Doom on dungeon level 4 with 25829 points, and 211 pieces of gold, after 1271 moves. You were level 3 with a maximum of 19 hit points when you died.